 Dungeon Crawl Stone Soup version 0.23.2-11-gf996548 (webtiles) character file.

Game seed: 9352063845796770798

102 Fang the Skirmisher (level 4, -5/43 HPs)
             Began as a Gargoyle Berserker on June 3, 2019.
             Was a Believer of Trog.
             Slain by a gnoll (6 damage)
             ... on level 3 of the Dungeon.
             The game lasted 00:01:48 (2092 turns).

Fang the Skirmisher (Gargoyle Berserker)            Turns: 2092, Time: 00:01:48

Health: -5/43      AC:  5    Str: 26    XL:     4   Next: 78%
Magic:  4/4        EV: 12    Int:  8    God:    Trog [**....]
Gold:   61         SH:  0    Dex:  9    Spells: 3/3 levels left

rFire    . . .     SeeInvis .   a - +0 hand axe
rCold    . . .     Gourm    .   (no shield)
rNeg     + . .     Faith    .   b - +0 animal skin
rPois    ∞         Spirit   .   (no helmet)
rElec    +         Reflect  .   (no cloak)
rCorr    .         Harm     .   (no gloves)
MR       .....                  (no boots)
Stlth    ..........             l - amulet of rage
HPRegen  0.14/turn              (no ring)
MPRegen  0.09/turn              (no ring)

@: berserking (expiring), very quick
A: negative energy resistance 1, electricity resistance, unbreathing,
petrification resistance, rot immunity, AC +3
a: Berserk, Trog's Hand, Renounce Religion, Evoke Berserk Rage


You were on level 3 of the Dungeon.
You worshipped Trog.
Trog was pleased with you.
You were near starving.

You visited 1 branch of the dungeon, and saw 3 of its levels.

You collected 61 gold pieces.

Inventory:

Hand Weapons
 a - a +0 hand axe (weapon)
Armour
 b - a +0 animal skin (worn)
Jewellery
 l - an amulet of rage (around neck)
Scrolls
 d - 2 scrolls of remove curse {unknown}
 f - a scroll of teleportation {unknown}
 g - 4 scrolls of identify {unknown}
 h - a scroll of immolation {unknown}
 j - a scroll of enchant weapon {unknown}
 m - a scroll of enchant armour {unknown}
 o - a scroll of magic mapping {unknown}
 p - a scroll of fog {unknown}
Potions
 e - a potion of curing {unknown}
 i - a potion of haste {unknown}
 k - a potion of berserk rage {unknown}
 q - a potion of magic {unknown}
Comestibles
 c - 5 rations


   Skills:
 + Level 4.1 Fighting
 + Level 3.3 Axes
 + Level 3.2 Armour
 + Level 2.3 Dodging


You had 3 spell levels left.
You didn't know any spells.
Your spell library was empty.

Dungeon Overview and Level Annotations

Branches:
Dungeon (3/15)

Altars:
Makhleb
Wu Jian


Innate Abilities, Weirdness & Mutations

You are resistant to torment.
Your stone body is resilient. (AC +3)
You are immune to poison.
You resist negative energy. (rN+)
You are resistant to electric shocks. (rElec)
You can survive without breathing.
You are immune to petrification.
You are immune to rotting.


Message History

You miss the adder.
The adder is almost dead.
The adder bites you.
* * * LOW HITPOINT WARNING * * *
A gnoll comes into view.
You miss the adder.
The adder is almost dead.
The adder bites you but does no damage.
You hit the adder.
You kill the adder!
Trog accepts your kill. The gnoll hits you.
* * * LOW HITPOINT WARNING * * *
The gnoll misses you.
The gnoll hits you from afar with a +0 spear.
* * * LOW HITPOINT WARNING * * *
You hit the gnoll.
The gnoll is moderately wounded.
The gnoll hits you.
You die...

#.. .#. #..#
#.. ... ..
..# #.# .. #
..#.. #.?.
#.#..g#...#.
#...gg......
#g# #@# #.#
#?####.#
#......#
##.##### #.#
#.# #.# #.#


You could see 4 gnolls.

Vanquished Creatures
  A gnoll (D:1)
  2 adders
  4 worms (D:2)
  3 dart slugs (D:1)
  3 leopard geckos
  A ball python (D:2)
  5 bats
  2 giant cockroaches
  8 goblins
  9 hobgoblins
  A quokka (D:2)
  3 frilled lizards
  6 kobolds
  7 rats
55 creatures vanquished.

Notes
Turn   | Place    | Note
-------+----------+-------------------------------------------
     0 | D:1      | Fang the Gargoyle Berserker began the quest for the Orb.
     0 | D:1      | Reached XP level 1. HP: 14/14 MP: 1/1
   100 | D:1      | Reached XP level 2. HP: 8/19 MP: 2/2
   469 | D:1      | Reached XP level 3. HP: 21/23 MP: 3/3
   812 | D:1      | Reached ** piety under Trog
  1234 | D:2      | Found an ornate altar of the Wu Jian Council.
  1242 | D:2      | Reached XP level 4. HP: 20/29 MP: 4/4
  1682 | D:2      | Reached skill level 4 in Fighting
  2031 | D:3      | Found a burning altar of Makhleb.
  2091 | D:3      | HP: 1/43 [gnoll/+0 spear (3)]
  2092 | D:3      | Slain by a gnoll

Skill      XL: |  1  2  3  4 |
---------------+-------------+-----
Axes           | 3 |  3.3
Dodging        | 2 |  2.3
Armour         | 3 |  3.2
Fighting       | 4 |  4.1

Action                   |  1- 3 |  4- 6 || total
-------------------------+-------+-------++-------
Melee: Hand axe          |   103 |    74 ||   177
Invok: Berserk           |     3 |     2 ||     5
  Eat: Chunk             |     3 |     4 ||     7
Armor: Animal skin       |    38 |    16 ||    54
Dodge: Dodged            |    81 |    47 ||   128
